 Dungeon Crawl Stone Soup version 0.31-a0-108-gdf935468f2 (webtiles) character file.

Game seed: 9073110010834767193

25861 pokeman the Eclecticist (level 12, -1/68 HPs)
             Began as a Deep Elf Hedge Wizard on May 27, 2023.
             Was an Elder of Vehumet.
             Killed from afar by an ogre mage (25 damage)
             ... with a bolt of magma
             ... on level 12 of the Dungeon.
             The game lasted 00:46:43 (16054 turns).

pokeman the Eclecticist (Deep Elf Hedge Wizard)    Turns: 16054, Time: 00:46:44

Health: -1/68      AC: 13    Str:  6    XL:     12   Next: 93%
Magic:  35/45      EV: 10    Int: 25    God:    Vehumet [****..]
Gold:   851        SH:  0    Dex: 17    Spells: 29/47 levels left

rFire   + . .        R - +0 demon whip (venom)
rCold   . . .        (no shield)
rNeg    . . .        P - +0 swamp dragon scales "Lesh" {rPois Dex+5}
rPois   +            T - +2 hat "Boki" {Str+4}
rElec   .            k - +0 cloak
rCorr   .            n - +0 pair of gloves
SInv    +            (no boots)
Will    +....        r - amulet of regeneration
Stlth   +++          U - ring of Moodiness {rF+ Str-5 Dex-2 SInv Stlth+}
HPRegen 1.11/turn    c - ring of magical power
MPRegen 0.29/turn

%: no passive effects
@: no status effects
A: no striking features
a: Renounce Religion


You were on level 12 of the Dungeon.
You worshipped Vehumet.
Vehumet was greatly pleased with you.
You visited 2 branches of the dungeon, and saw 13 of its levels.
You also visited: Sewer and Ice Cave.

You collected 851 gold pieces.

Inventory:

Hand Weapons
 R - a +0 demon whip of venom (weapon)
Missiles
 b - a throwing net
 Q - a curare-tipped dart
Armour
 e - a +2 robe of cold resistance
 k - a +0 cloak (worn)
 n - a +0 pair of gloves (worn)
 P - the +0 swamp dragon scales "Lesh" (worn) {rPois Dex+5}
   (You found it on level 9 of the Dungeon)

   Dex:       It affects your dexterity (+5).
   rPois:     It protects you from poison.
 T - the +2 hat "Boki" (worn) {Str+4}
   (You found it on level 9 of the Dungeon)

   Str:       It affects your strength (+4).
Jewellery
 a - a ring of ice
 c - a ring of magical power (right hand)
 r - an amulet of regeneration (around neck)
 x - a ring of resist corrosion
 y - a ring of protection from fire
 U - the ring of Moodiness (left hand) {rF+ Str-5 Dex-2 SInv Stlth+}
   (You found it on level 9 of the Dungeon)

   [ring of protection from fire]

   Str:       It affects your strength (-5).
   Dex:       It affects your dexterity (-2).
   rF:        It protects you from fire.
   SInv:      It lets you see invisible.
   Stlth:     It makes you more stealthy.
Wands
 w - a wand of digging (5)
 E - a wand of light (12)
 I - a wand of polymorph (15)
 V - a wand of paralysis (4)
Scrolls
 i - 6 scrolls of teleportation
 F - a scroll of magic mapping
 G - a scroll of blinking
 O - a scroll of torment {unknown}
 S - a scroll of fog {unknown}
Potions
 d - 2 potions of magic
 g - 6 potions of heal wounds
 h - 2 potions of lignification {unknown}
 m - 8 potions of curing
 o - 2 potions of attraction {unknown}
 q - 3 potions of haste {unknown}
 s - 2 potions of cancellation {unknown}
 t - a potion of ambrosia {unknown}
 v - a potion of brilliance {unknown}
 z - 2 potions of degeneration {unknown}
 D - 4 potions of invisibility {unknown}
 W - 2 potions of enlightenment {unknown}
 Z - a potion of berserk rage {unknown}
Miscellaneous
 X - a phial of floods


   Skills:
 - Level 5.0 Fighting
 + Level 6.2 Armour
 - Level 3.0 Dodging
 - Level 3.1 Stealth
 * Level 18.1 Spellcasting
 + Level 10.8 Conjurations
 - Level 6.0 Summonings
 - Level 1.1 Necromancy
 - Level 1.1 Translocations
 + Level 8.7 Fire Magic
 - Level 1.1 Ice Magic
 - Level 1.1 Air Magic
 - Level 1.1 Poison Magic
 - Level 1.2 Evocations


You had 29 spell levels left.
You knew the following spells:

 Your Spells              Type           Power      Damage    Failure   Level
a - Magic Dart            Conj           100%       1d8       1%          1
b - Mephitic Cloud        Conj/Pois/Air  44%        N/A       1%          3
c - Call Imp              Summ           100%       N/A       1%          2
d - Blink                 Tloc           56%        N/A       7%          2
e - Foxfire               Conj/Fire      100%       2x1d9     1%          1
f - Fireball              Conj/Fire      32%        3d14      1%          5
g - Iskenderun's Mystic   Conj/Tloc      51%        2d11      1%          4

Your spell library contained the following spells:

 Spells                   Type           Power      Damage    Failure   Level
 Stone Arrow              Conj/Erth      98%        3d13      1%          3
 Starburst                Conj/Fire      32%        6d10      5%          6
 Irradiate                Conj/Tmut      24%        3d19      6%          5
 Slow                     Hex            88%        N/A       7%          1
 Cigotuvi's Dreadful Rot  Necr/Pois/Air  56%        N/A       7%          2
 Ensorcelled Hibernation  Hex/Ice        50%        N/A       9%          2
 Passwall                 Tmut/Erth      18%        N/A       11%         2
 Ozocubu's Armour         Ice            28%        N/A       14%         3
 Swiftness                Air            28%        N/A       14%         3
 Conjure Ball Lightning   Conj/Air       25%        3x3d7     24%         6
 Plasma Beam              Fire/Air       23%        2x1d39    34%         6
 Manifold Assault         Tloc           28%        N/A       41%         4
 Blade Hands              Tmut           11%        N/A       89%         5
 Dragon Form              Tmut           11%        N/A       100%        7
 Ozocubu's Refrigeration  Ice            14%        4d10      100%        7
 Storm Form               Tmut/Air       12%        N/A       100%        7
 Discord                  Hex            11%        N/A       100%        8
 Disjunction              Tloc           14%        N/A       100%        8


Dungeon Overview and Level Annotations

Branches:
Dungeon (12/15)            Temple (1/1) D:5            Lair (0/5) D:11
    Orc (0/2) D:10          Sewer (visited)           IceCv (visited)

Altars:
Ashenzari
Cheibriados
Dithmenos
Elyvilon
Fedhas
Gozag
Hepliaklqana
Kikubaaqudgha
Makhleb
Nemelex Xobeh
Okawaru
Qazlal
Ru
Sif Muna
Trog
Uskayaw
Vehumet
Wu Jian
Xom
Yredelemnul
Zin
The Shining One

Shops:
D:7 (

Annotations:
D:9 -- boulder beetle, lindwurm


Message History

Unknown command.
Casting: Fireball (dangerous; 1% risk of failure)
Confirm with . or Enter, or press ? or * to list all spells.
Aiming: Fireball (dangerous; 1% risk of failure)
Press: ? - help, Shift-Dir - straight line, f/p - deep elf pyromancer
Aim: a deep elf pyromancer, wielding a +0 long sword and wearing a +0 leather armour (severely wounded)
The fireball explodes!
The fireball engulfs the deep elf pyromancer!
You kill the deep elf pyromancer!
Vehumet accepts your kill.
You feel your power returning.
The fire elemental disappears in a puff of smoke!
An ogre mage comes into view. It is wielding a +0 spear.
The ogre mage hits you but does no damage.
The ogre mage is engulfed in noxious fumes.
Unknown command.
Unknown command.
Unknown command.
Casting: Fireball (dangerous; 1% risk of failure)
Confirm with . or Enter, or press ? or * to list all spells.
Aiming: Mephitic Cloud (safe; 1% risk of failure)
Press: ? - help, Shift-Dir - straight line, f - ogre mage
Aim: an ogre mage, wielding a +0 spear and wearing a +0 robe (almost dead, slightly transparent, confused, chance to affect: 53%)
Okay, then.
Unknown command.
You hit the ogre mage.
The ogre mage is poisoned.
The ogre mage is almost dead.
The ogre mage is engulfed in noxious fumes.
Unknown command.
Unknown command.
You hit the ogre mage but do no damage.
The ogre mage looks as sick as possible!
The ogre mage is almost dead.
The ogre mage seems less confused.
The deep elf zephyrmancer casts a spell at you.
The bolt of lightning hits the ogre mage!!
The bolt of lightning hits you!!
The ogre mage gestures at you while chanting.
The bolt of magma hits you!! You partially resist.
You die...

. .. ##### #######
... ......#.....#
.....
......#.....###.....
....................
...
..)....@O....##+#..
....
...≈#≈#)#≈#≈....#.#
.... . #
#.####≈#..#.#.....
≈O° ###§§..#.....
..°° ###........
.8#e#8 #§..######
8#.O8.. ##≈......#
.#....... ##§.....#
#≈......#


You could see 3 ogre magi and a deep elf zephyrmancer.

Vanquished Creatures
  Snorg (D:12)
  Fannar (D:12)
  An ogre mage (D:12)
  5 boulder beetles
  A two-headed ogre (D:12)
  Amaemon (D:9)
  3 skeletal warriors (D:11)
  Pikel (D:9)
  A lindwurm (D:9)
  4 deep elf pyromancers (D:12)
  A manticore (D:11)
  An ugly thing (IceCv)
  2 cyclopes
  3 ice statues (IceCv)
  An orange demon (D:9)
  A gargoyle (D:10)
  A freezing wraith (IceCv)
  An unseen horror (D:11)
  An anaconda simulacrum (IceCv)
  Maggie (D:9)
  A komodo dragon (D:12)
  A kobold demonologist (D:11)
  3 trolls
  3 slime creatures (D:12)
  A shadow (D:12)
  A water elemental (D:11)
  25 yaks
  A wraith (D:11)
  A wyvern (D:9)
  A steam dragon (D:9)
  2 redbacks (D:9)
  A death yak simulacrum (IceCv)
  A harpy simulacrum (IceCv)
  2 hydra simulacra (IceCv)
  Duvessa (D:4)
  2 water moccasins
  6 orc warriors
  An ice beast (D:8)
  Pargi (Sewer)
  An ogre (D:6)
  A phantom (D:5)
  7 centaurs
  3 kobold brigands
  3 bullfrogs
  5 scorpions
  A cane toad simulacrum (IceCv)
  3 wights (D:8)
  Dowan (D:4)
  An elephant simulacrum (IceCv)
  9 killer bees
  An electric eel (D:11)
  A lava snake (D:9)
  3 quasits (D:4)
  8 hounds
  13 orc priests
  A jelly (D:5)
  2 gnoll boudas
  Ijyb (D:3)
  6 iguanas
  12 orc wizards
  A polar bear simulacrum (IceCv)
  12 adders
  16 gnolls
  4 white imps
  4 worms
  2 dart slugs
  36 orcs
  4 endoplasms
  5 giant cockroaches
  7 goblins
  6 hobgoblins
  2 jackals (D:2)
  A quokka (D:3)
  11 ball pythons
  6 bats
  6 frilled lizards
  19 kobolds
  5 rats
317 creatures vanquished.

Vanquished Creatures (collateral kills)
  A wight (D:8)
  A killer bee (D:8)
  2 jackals (D:2)
  A kobold (D:2)
  A rat (D:2)
6 creatures vanquished.

Vanquished Creatures (others)
  Blork the orc (D:6)
  2 lava snakes (D:9)
  209 foxfires
212 creatures vanquished.

Grand Total: 535 creatures vanquished

Notes
Turn   | Place    | Note
-------+----------+-------------------------------------------
     0 | D:1      | pokeman the Deep Elf Hedge Wizard began the quest for the
                  | Orb.
     0 | D:1      | Reached XP level 1. HP: 10/10 MP: 7/7
   369 | D:1      | Reached XP level 2. HP: 16/16 MP: 3/9
  1386 | D:2      | Reached skill level 5 in Spellcasting
  1521 | D:2      | Reached XP level 3. HP: 20/20 MP: 5/11
  1525 | D:2      | Learned a level 3 spell: Mephitic Cloud
  1528 | D:2      | Learned a level 2 spell: Call Imp
  1531 | D:2      | Learned a level 2 spell: Blink
  1665 | D:2      | Reached skill level 1 in Armour
  1873 | D:2      | Reached skill level 1 in Fighting
  2246 | D:2      | Reached XP level 4. HP: 25/25 MP: 6/13
  2880 | D:3      | Found a faded altar of an unknown god.
  2891 | D:3      | Found an ancient bone altar of Kikubaaqudgha.
  2972 | D:3      | Noticed Ijyb
  2990 | D:3      | Killed Ijyb
  3133 | D:3      | Reached skill level 6 in Spellcasting
  3148 | D:3      | Reached XP level 5. HP: 15/29 MP: 4/15
  3734 | D:4      | Noticed Duvessa
  3734 | D:4      | Noticed Dowan
  3902 | D:4      | Killed Duvessa
  3903 | D:4      | Reached skill level 1 in Air Magic
  3903 | D:4      | Reached skill level 1 in Poison Magic
  3903 | D:4      | Reached skill level 1 in Evocations
  3903 | D:4      | Reached XP level 6. HP: 20/34 MP: 6/17
  3912 | D:4      | Killed Dowan
  4130 | D:4      | Noticed a water moccasin
  4140 | D:4      | Killed a water moccasin
  4141 | D:4      | Reached skill level 7 in Spellcasting
  4500 | D:4      | Reached XP level 7. HP: 6/39 MP: 13/20
  5011 | D:5      | Entered Level 5 of the Dungeon
  5124 | D:5      | Found a glowing drain.
  5134 | Sewer    | Entered a sewer
  5235 | Sewer    | Noticed Pargi
  5339 | Sewer    | Killed Pargi
  5340 | Sewer    | Reached skill level 8 in Spellcasting
  5955 | D:5      | Found a staircase to the Ecumenical Temple.
  5988 | Temple   | Entered the Ecumenical Temple
  6025 | Temple   | Became a worshipper of Vehumet
  6237 | D:5      | Reached XP level 8. HP: 45/45 MP: 18/22
  6525 | D:5      | Reached skill level 9 in Spellcasting
  7077 | D:6      | Reached skill level 5 in Conjurations
  7239 | D:6      | Reached skill level 10 in Spellcasting
  7240 | D:6      | Reached * piety under Vehumet
  7240 | D:6      | Offered knowledge of Shock by Vehumet.
  7411 | D:6      | Noticed Blork the orc
  7432 | D:6      | Killed Blork the orc
  7824 | D:7      | Found an iron altar of Okawaru.
  7824 | D:7      | Found an ornate altar of the Wu Jian Council.
  7943 | D:7      | Found Rihag's Antique Weapon Emporium.
  8017 | D:7      | Reached XP level 9. HP: 50/50 MP: 20/25
  8313 | D:7      | Reached skill level 5 in Summonings
  8399 | D:7      | Reached skill level 11 in Spellcasting
  9090 | D:8      | Reached ** piety under Vehumet
  9090 | D:8      | Offered knowledge of Foxfire by Vehumet.
  9093 | D:8      | Learned a level 1 spell: Foxfire
  9321 | D:8      | Reached skill level 1 in Fire Magic
  9475 | D:8      | Found a blossoming altar of Fedhas.
  9668 | D:9      | Found a shimmering altar of Xom.
  9678 | D:9      | Noticed Maggie
  9682 | D:9      | Killed Maggie
  9683 | D:9      | Reached skill level 12 in Spellcasting
  9739 | D:9      | Noticed a troll
  9744 | D:9      | Found a stormy altar of Qazlal.
  9748 | D:9      | Killed a troll
  9768 | D:9      | Noticed Pikel
  9776 | D:9      | Killed Pikel
  9777 | D:9      | Reached skill level 1 in Necromancy
  9777 | D:9      | Reached XP level 10. HP: 56/56 MP: 23/28
 10081 | D:9      | Identified the +0 swamp dragon scales "Lesh" {rPois Dex+5}
 10116 | D:9      | Found a hide-covered altar of Uskayaw.
 10151 | D:9      | Noticed an orange demon
 10169 | D:9      | Noticed Amaemon
 10170 | D:9      | Killed an orange demon
 10171 | D:9      | Reached skill level 13 in Spellcasting
 10184 | D:9      | Killed Amaemon
 10203 | D:9      | Offered knowledge of Scorch by Vehumet.
 10543 | D:9      | Found a runed translucent door.
 10643 | D:9      | Identified the +2 hat "Boki" {Str+4}
 10666 | D:9      | Found a runed translucent gate.
 10666 | D:9      | Found a runed translucent gate.
 10666 | D:9      | Found a runed translucent gate.
 10666 | D:9      | Found a runed translucent gate.
 10666 | D:9      | Found a runed translucent gate.
 10666 | D:9      | Found a runed translucent gate.
 10666 | D:9      | Noticed a boulder beetle
 10666 | D:9      | Noticed a lindwurm
 10713 | D:10     | Entered Level 10 of the Dungeon
 10846 | D:10     | Noticed a gargoyle
 10988 | D:10     | Found a staircase to the Orcish Mines.
 11002 | D:10     | Learned a level 5 spell: Fireball
 11199 | D:10     | Reached skill level 14 in Spellcasting
 11427 | D:10     | Found a sacrificial altar of Ru.
 11575 | D:10     | Reached *** piety under Vehumet
 11579 | D:10     | Offered knowledge of Iskenderun's Mystic Blast by Vehumet.
 11582 | D:10     | Reached skill level 5 in Fire Magic
 11582 | D:10     | Reached XP level 11. HP: 53/61 MP: 19/31
 11931 | D:9      | Killed a boulder beetle
 12091 | D:9      | Killed a lindwurm
 12218 | D:9      | Identified the ring of Moodiness {rF+ Str-5 Dex-2 SInv
                  | Stlth+}
 12400 | D:11     | Found a frozen archway.
 12416 | D:11     | Reached skill level 15 in Spellcasting
 12428 | IceCv    | Entered an ice cave
 12501 | IceCv    | Reached skill level 5 in Fighting
 12706 | IceCv    | Reached **** piety under Vehumet
 12856 | IceCv    | Learned a level 4 spell: Iskenderun's Mystic Blast
 12859 | IceCv    | Noticed a white ugly thing
 12865 | IceCv    | Killed a white ugly thing
 13141 | D:11     | Offered knowledge of Stone Arrow by Vehumet.
 13142 | D:11     | Reached skill level 1 in Ice Magic
 13234 | D:11     | Reached skill level 16 in Spellcasting
 13536 | D:11     | Noticed a skeletal warrior
 13543 | D:11     | Killed a skeletal warrior
 13548 | D:11     | Noticed a skeletal warrior
 13700 | D:11     | Reached XP level 12. HP: 68/68 MP: 23/34
 13916 | D:11     | Reached skill level 5 in Armour
 14217 | D:11     | Noticed a boulder beetle
 14225 | D:11     | Killed a boulder beetle
 14494 | D:11     | Found a staircase to the Lair.
 14760 | D:12     | Reached skill level 10 in Conjurations
 14815 | D:12     | Noticed a boulder beetle
 15109 | D:12     | Noticed a two-headed ogre
 15110 | D:12     | Noticed a boulder beetle
 15111 | D:12     | Killed a two-headed ogre
 15112 | D:12     | Reached skill level 17 in Spellcasting
 15125 | D:12     | Killed a boulder beetle
 15316 | D:12     | Killed a boulder beetle
 15454 | D:12     | Noticed Fannar
 15474 | D:12     | Killed Fannar
 15671 | D:12     | Noticed a boulder beetle
 15686 | D:12     | Killed a boulder beetle
 15934 | D:12     | Noticed Snorg
 15938 | D:12     | Killed Snorg
 16037 | D:12     | Noticed an ogre mage
 16037 | D:12     | Noticed an ogre mage
 16038 | D:12     | Killed an ogre mage
 16039 | D:12     | Reached skill level 18 in Spellcasting
 16043 | D:12     | Noticed an ogre mage
 16052 | D:12     | Noticed an ogre mage
 16054 | D:12     | Killed from afar by an ogre mage

Illustrated notes

Levels and vault maps discovered:
D:1:      matt_arrival_spirals, layout_basic
D:2:      minmay_alternating_diamond, layout_basic
D:3:      layout_loops_cross, nicolae_overflow_ecumenical_swirl,
          serial_bayou_pond_d, uniq_ijyb
D:4:      cheibrodos_quashed, layout_loops_corners, serial_bayou_crossing,
          uniq_duvessa
D:5:      layout_loops_ring, minmay_temple_entry_grid,
          cheibrodos_sewer_entry_sluice, st_stairs_7
D:6:      layout_rooms, uniq_blork_the_orc
D:7:      layout_cave_pools, gammafunk_temple_overflow_wave, serial_shops,
          nicolae_shop_just_a_little_nook, hangedman_abyss_or_decor_stagger,
          hangedman_abyss_or_decor_lesser_grid
D:8:      layout_rooms, kennysheep_mini_moat, patterned_corridor
D:9:      gammafunk_indiana_jones, layout_irregular_city,
          mainiacjoe_overflow_catwalk, nicolae_uskayaw_dance_studio,
          mainiacjoe_overflow_concentric_impassable, serial_column_ruins,
          column_ruins_grid_1, column_ruins_columns_dead_end,
          column_ruins_open_tiny, column_ruins_open_tiny,
          chequers_serial_rivers_micro_d, uniq_pikel, uniq_maggie, uniq_amaemon
D:10:     layout_loops_cross, general_overflow_altar,
          minmay_orc_entry_temple_large
D:11:     layout_loops_corners, erik_lair_island,
          portal_ice_cave_entry_pillars_1, serial_glass, glass_columns_a,
          glass_columns_a, glass_columns_a, glass_columns_c
D:12:     layout_stronghold, chequers_avenue, minmay_guarded_unrand_prune,
          uniq_fannar, uniq_snorg
Temple:   eino_temple_lava

Skill      XL: |  1  2  3  4  5  6  7  8  9 10 11 12 |
---------------+-------------------------------------+-----
Spellcasting   | 5 6 7 8 10 12 14 16 18 | 18.1
Armour         | 1 2 3 4 6 |  6.2
Fighting       | 1 2 3 4 5 |  5.0
Conjurations   | 2 3 4 5 6 8 9 10 | 10.8
Stealth        | 3 |  3.1
Dodging        | 3 |  3.0
Air Magic      | 1 |  1.1
Poison Magic   | 1 |  1.1
Evocations     | 1 |  1.2
Summonings     | 2 3 4 6 |  6.0
Fire Magic     | 2 5 7 8 |  8.7
Necromancy     | 1 |  1.1
Ice Magic      | 1 |  1.1
Translocations | |  1.1

Action                     |  1- 3 |  4- 6 |  7- 9 | 10-12 || total
---------------------------+-------+-------+-------+-------++-------
  Melee: Dagger            |     8 |    16 |       |       ||    24
         War axe           |       |    55 |   115 |       ||   170
         Punch             |       |     1 |     1 |     1 ||     3
         Great sword       |       |       |     4 |    17 ||    21
         Demon whip        |       |       |       |   134 ||   134
  Throw: Throwing net      |       |       |     2 |       ||     2
   Cast: Magic Dart        |    93 |    87 |   337 |     9 ||   526
         Call Imp          |     1 |     5 |     8 |     2 ||    16
         Mephitic Cloud    |       |    17 |    30 |    43 ||    90
         Blink             |       |       |     2 |       ||     2
         Foxfire           |       |       |    29 |    88 ||   117
         Fireball          |       |       |       |   165 ||   165
         Iskenderun's Myst |       |       |       |     2 ||     2
  Evoke: Wand              |       |       |     1 |     2 ||     3
    Use: Scroll            |       |       |       |    14 ||    14
   Stab: Confused          |       |    10 |    16 |    15 ||    41
         Sleeping          |       |       |     2 |       ||     2
         Held in net/web   |       |       |     1 |       ||     1
 Armour: Robe              |     8 |     8 |    25 |       ||    41
         Troll leather arm |       |       |    65 |     3 ||    68
         Swamp dragon scal |       |       |       |    45 ||    45
  Dodge: Dodged            |     8 |    40 |   235 |    57 ||   340

Table legend: (Time is in decaauts)
 A = Elapsed time spent in this place.
 B = Non-inter-level travel time spent in this place.
 C = Inter-level travel time spent in this place.
 D = Time resting spent in this place.
 E = Time spent auto-exploring this place.
 F = Levels seen in this place.
 G = Mean time per level.
                   A        B        C        D        E       F      G
               +--------+--------+--------+--------+--------+-----+--------+
         Total |  16233 |  15285 |    948 |   1235 |  10965 |  15 | 1082.2 |
       Dungeon |  15102 |  14166 |    936 |    791 |  10676 |  12 | 1258.5 |
        Temple |     79 |     68 |     11 |      0 |     25 |   1 |   79.0 |
         Sewer |    424 |    424 |      0 |      0 |    249 |   1 |  424.0 |
      Ice Cave |    627 |    627 |      0 |    444 |     15 |   1 |  627.0 |
               +--------+--------+--------+--------+--------+-----+--------+

Top non-repeatable levels by time:
    D:11: 1822 daAuts
     D:4: 1670 daAuts
     D:9: 1664 daAuts
     D:1: 1315 daAuts
     D:2: 1168 daAuts
    D:10: 1166 daAuts
     D:5: 1155 daAuts
     D:3: 1113 daAuts
     D:6: 1102 daAuts
    D:12: 1034 daAuts
     D:7: 965 daAuts
     D:8: 925 daAuts
   IceCv: 627 daAuts
   Sewer: 424 daAuts
  Temple: 79 daAuts
